 Dungeon Sprint DCSS version bcrawl-1.19.1 (webtiles) character file.

Game seed: 12817667181695483936

1773 Freyura the Fighter (level 9, -5/106 HPs)
             Began as a Hill Orc Fighter on Nov 29, 2019.
             Slain by a vault guard
             ... wielding a +2 battleaxe
              (19 damage)
             ... in the Dungeon (Sprint V: "Ziggurat Sprint").
             The game lasted 00:04:21 (447 turns).

Freyura the Fighter (Hill Orc Fighter)               Turns: 447, Time: 00:04:22

Health: -5/106     AC: 23    Str: 19    XL:     9   Next: 7%
Magic:  9/9        EV: 13    Int:  8    God:
Gold:   0          SH:  0    Dex: 30    Spells: 8/8 levels left

rFire    + . .     SeeInvis .   v - +5 executioner's axe (venom)
rCold    + . .     Gourm    .   (shield currently unavailable)
rNeg     . . .     Faith    .   w - +5 gold dragon scales
rPois    +         Spirit   .   (no helmet)
rElec    .         Reflect  .   (no cloak)
rCorr    .         Harm     .   (no gloves)
MR       .....     NoTele   +   (no boots)
Stlth    ..........             x - amulet of Vitality {Regen+ HP+15}
HPRegen  0.67/turn              t - +6 ring of dexterity
MPRegen  0.11/turn              u - +6 ring of dexterity

@: agile
A: no striking features
a: no special abilities


You were in the Dungeon.
You were not hungry.

You visited 1 branch

Inventory:

Hand Weapons
 v - a +5 executioner's axe of venom (weapon)
Armour
 w - +5 gold dragon scales (worn)
Jewellery
 l - an uncursed ring of wizardry
 t - a +6 ring of dexterity (left hand)
 u - a +6 ring of dexterity (right hand)
 x - the amulet of Vitality (around neck) {Regen+ HP+15}
   (You found it in the Dungeon)

   [amulet of regeneration]

   It affects your health (+15).
   It increases your rate of regeneration.
Wands
 z - a wand of disintegration (7)
 A - a wand of iceblast (5)
 B - a wand of acid (7)
Scrolls
 k - 4 scrolls of blinking
 n - 4 scrolls of amnesia
 o - 7 scrolls of fog
 p - 5 scrolls of identify
 q - 5 scrolls of remove curse
 r - 2 scrolls of fear
 y - 4 scrolls of enchant armour
Potions
 a - 2 potions of brilliance
 b - 2 potions of invisibility
 c - 4 potions of resistance
 d - 7 potions of might
 e - 10 potions of curing
 g - 12 potions of heal wounds
 h - 6 potions of haste
 i - 7 potions of magic
 j - 3 potions of berserk rage
 m - 4 potions of agility
Miscellaneous
 s - a lightning rod (4/4)
Comestibles
 f - 7 rations {!d}


   Skills:
 * Level 12.3 Fighting
   Level 12.3 Short Blades
   Level 12.3 Long Blades
   Level 12.3 Axes
   Level 12.3 Maces & Flails
   Level 12.3 Polearms
   Level 12.3 Staves
 + Level 11.9 Armour
 + Level 7.7 Dodging
   Level 3.2 Shields
   Level 12.3 Unarmed Combat


You had 8 spell levels left.
You didn't know any spells.
Your spell library contained the following spells:

 Spells                   Type           Power        Failure   Level  Hunger
 Summon Butterflies       Summ           #.......     100%        1    ##.....
 Summon Small Mammal      Summ           #...         100%        1    ##.....
 Yara's Violent Unravell  Hex/Tmut       #.........   100%        4    #####..
 Summon Demon             Summ           #.........   100%        5    ######.
 Dragon's Call            Summ           #.........   100%        9    #######


Dungeon Overview and Level Annotations

Branches:
Dungeon (1/1)

Altars:
Ashenzari
Cheibriados
Dithmenos
Elyvilon
Fedhas
Gozag
Hepliaklqana
Kikubaaqudgha
Lugonu
Makhleb
Nemelex Xobeh
Okawaru
Qazlal
Ru
Sif Muna
Trog
Uskayaw
Vehumet
Wu Jian
Xom
Yredelemnul
Zin
The Shining One
Beogh
Jiyva

Annotations:
D 1 transporter


Message History

The vault guard hits you with a +0 war axe!
The hornet stings you but does no damage.
The vault guard hits you from afar with a +0 halberd!!
* * * LOW HITPOINT WARNING * * *
You feel much better.
The vault guard hits you with a +0 battleaxe!
* * * LOW HITPOINT WARNING * * *
The hornet stings you but does no damage.
The vault guard hits you but does no damage.
The vault guard hits you with a +0 war axe!
* * * LOW HITPOINT WARNING * * *
The vault guard hits you but does no damage.
You feel agile all of a sudden. The hornet stings you.
* * * LOW HITPOINT WARNING * * *
The vault guard hits you with a +0 battleaxe.
* * * LOW HITPOINT WARNING * * *
The hornet barely misses you.
The vault guard hits you with a +2 battleaxe!!
You die...

▓...©...▓
▓▓▓▓▓▓▓▓▓
▓..8©8..▓
▓..[|"..▓
▓..=:}..▓
▓.......▓
▓...p...▓
▓..p†p..▓
▓..p@...▓
▓..y....▓
▓...©...▓
▓▓▓▓▓▓▓▓▓


You could see 4 vault guards and a hornet.

Vanquished Creatures
  An ugly thing (D)
  A hellwing (D)
  A slime creature (D)
  A spriggan (D)
  3 black bears (D)
  A necrophage (D)
  An eye of draining (D)
  A wolf (D)
  A wight (D)
  2 quasits (D)
  6 jellies (D)
  2 shadow imps (D)
  2 bat zombies (D)
  A giant cockroach zombie (D)
  A leopard gecko skeleton (D)
25 creatures vanquished.

Notes
Turn   | Place    | Note
-------+----------+-------------------------------------------
     0 | D        | Freyura the Hill Orc Fighter began the quest for the Orb.
     0 | D        | Reached XP level 1. HP: 20/20 MP: 1/1
    13 | D        | Found a shimmering blue altar of Sif Muna.
    13 | D        | Found a bloodstained altar of Trog.
    13 | D        | Found a sacrificial altar of Ru.
    13 | D        | Found a stormy altar of Qazlal.
    13 | D        | Found an iron altar of Okawaru.
    14 | D        | Found a sparkling altar of Nemelex Xobeh.
    14 | D        | Found a blossoming altar of Fedhas.
    15 | D        | Found the +6 Majin-Bo {vamp, *Drain Str+12 Int+24}
    15 | D        | Found the +7 great mace "Firestarter" {inner flame, rF++}
    16 | D        | Found a transporter.
    16 | D        | Found an ancient bone altar of Kikubaaqudgha.
    16 | D        | Found a viscous altar of Jiyva.
    16 | D        | Found a corrupted altar of Lugonu.
    16 | D        | Found a hazy altar of Hepliaklqana.
    16 | D        | Found a burning altar of Makhleb.
    16 | D        | Found an opulent altar of Gozag.
    55 | D        | Reached skill level 6 in Fighting
    55 | D        | Reached XP level 2. HP: 30/30 MP: 2/2
    65 | D        | Entered arena 2.
    65 | D        | Found a transporter.
    75 | D        | Reached skill level 1 in Dodging
    75 | D        | Reached XP level 3. HP: 33/38 MP: 3/3
    80 | D        | Entered arena 3.
    80 | D        | Noticed a hellwing
    80 | D        | Found a transporter.
    85 | D        | Killed a hellwing
    85 | D        | Reached skill level 9 in Fighting
    85 | D        | Reached XP level 4. HP: 37/50 MP: 4/4
    85 | D        | Reached XP level 5. HP: 42/57 MP: 5/5
    85 | D        | Reached XP level 6. HP: 47/63 MP: 6/6
    94 | D        | Entered arena 4.
    94 | D        | Noticed a slime creature
    94 | D        | Noticed an eye of draining
    94 | D        | Found a transporter.
   101 | D        | Killed a slime creature
   101 | D        | Reached skill level 10 in Fighting
   101 | D        | Reached skill level 10 in Armour
   101 | D        | Reached skill level 5 in Dodging
   101 | D        | Reached XP level 7. HP: 38/72 MP: 0/7
   239 | D        | Entered arena 5.
   239 | D        | Found a transporter.
   260 | D        | Entered arena 6.
   260 | D        | Noticed a spriggan
   260 | D        | Found a transporter.
   261 | D        | Found the amulet of Vitality {Regen+ HP+15}
   263 | D        | Killed a spriggan
   263 | D        | Reached skill level 11 in Fighting
   263 | D        | Reached XP level 8. HP: 71/82 MP: 8/8
   273 | D        | Got the Grimoire of Shifting Calling
   413 | D        | Entered arena 7.
   414 | D        | Found a transporter.
   437 | D        | Entered arena 8.
   437 | D        | Noticed a vault guard
   437 | D        | Noticed a vault guard
   437 | D        | Noticed a vault guard
   437 | D        | Noticed a vault guard
   437 | D        | Noticed a green ugly thing
   437 | D        | Noticed a hornet
   438 | D        | Found a transporter.
   444 | D        | Killed a green ugly thing
   444 | D        | Reached skill level 12 in Fighting
   444 | D        | Reached XP level 9. HP: 43/91 MP: 9/9
   447 | D        | Slain by a vault guard

Skill      XL: |  1  2  3  4  5  6  7  8 |
---------------+-------------------------+-----
Fighting       | 6 9 10 11 12 | 12.3
Armour         | 6 7 9 10 11 | 11.9
Dodging        | 1 4 5 6 7 |  7.7
Short Blades   | | 12.3
Long Blades    | | 12.3
Axes           | | 12.3
Maces & Flails | | 12.3
Polearms       | | 12.3
Staves         | | 12.3
Shields        | |  3.2
Unarmed Combat | | 12.3

Action                   |  1- 3 |  4- 6 |  7- 9 || total
-------------------------+-------+-------+-------++-------
Melee: Executioner's axe |    13 |     8 |    27 ||    48
Evoke: Wand              |       |       |     2 ||     2
  Use: Potion            |     1 |       |     3 ||     4
       Scroll            |       |       |     1 ||     1
Armor: Gold dragon scale |    63 |    17 |    57 ||   137
Dodge: Dodged            |     8 |     4 |    24 ||    36
